 Dungeon Crawl Stone Soup version 0.29.1-15-g9cfb28693d (webtiles) character file.

Game seed: 16000033620268964490

340 MacCMillion the Poker (level 6, -4/51 HPs)
             Began as a Hill Orc Fighter on Feb 28, 2023.
             Slain by a troll (8 damage)
             ... on level 5 of the Dungeon.
             The game lasted 00:08:29 (3496 turns).

MacCMillion the Poker (Hill Orc Fighter)            Turns: 3496, Time: 00:08:30

Health: -4/51      AC: 12    Str: 21    XL:     6   Next: 56%
Magic:  6/6        EV:  5    Int:  8    God:
Gold:   230        SH:  4    Dex: 10    Spells: 5/5 levels left

rFire   . . .      SeeInvis +   k - +2 demon trident (elec)
rCold   . . .      Faith    .   c - +0 buckler
rNeg    . . .      Spirit   .   h - +0 plate armour
rPois   .          Reflect  .   (no helmet)
rElec   .          Harm     .   p - +0 cloak
rCorr   .          Rampage  .   (no gloves)
Will    .....                   (no boots)
Stlth   ..........              l - amulet of magic regeneration
HPRegen 0.17/turn               y - ring of see invisible
MPRegen 0.50/turn               (no ring)

@: no status effects
A: no striking features
a: no special abilities


You were on level 5 of the Dungeon.
You visited 2 branches of the dungeon, and saw 6 of its levels.

You collected 230 gold pieces.

Inventory:

Hand Weapons
 a - a +0 war axe
 e - a +2 vorpal hand axe
 k - a +2 demon trident of electrocution (weapon)
Missiles
 r - 3 curare-tipped darts (quivered)
 x - 6 poisoned darts
Armour
 c - a +0 buckler (worn)
 h - a +0 plate armour (worn)
 p - a +0 cloak (worn)
Jewellery
 l - an amulet of magic regeneration (around neck)
 y - a ring of see invisible (left hand)
Wands
 s - a wand of acid (9)
Scrolls
 b - a scroll of enchant armour
 f - 2 scrolls of teleportation {unknown}
 j - 2 scrolls of immolation {unknown}
 m - 2 scrolls of magic mapping {unknown}
 n - a scroll of vulnerability {unknown}
 o - a scroll of enchant weapon {unknown}
 u - a scroll of silence {unknown}
 v - a scroll of identify
 z - a scroll of amnesia {unknown}
Potions
 d - 4 potions of might
 g - 5 potions of curing
 i - 2 potions of berserk rage {unknown}
 q - a potion of haste {unknown}
 t - 2 potions of degeneration {unknown}
 w - a potion of cancellation {unknown}


   Skills:
 - Level 3.6 Fighting
 - Level 4.4(6.3) Axes
 + Level 5.8(6.3) Polearms
 - Level 3.2 Armour
 - Level 4.0 Shields


You had 5 spell levels left.
You didn't know any spells.
Your spell library contained the following spells:

 Spells                   Type           Power      Damage    Failure   Level
 Sandblast                Erth           0%         2d4       100%        1
 Passwall                 Tmut/Erth      0%         N/A       100%        2
 Static Discharge         Conj/Air       0%         3-3/arc   100%        2
 Stone Arrow              Conj/Erth      0%         3d7       100%        3
 Lightning Bolt           Conj/Air       0%         1d11      100%        5
 Maxwell's Capacitive Co  Air            0%         ∞         100%        8


Dungeon Overview and Level Annotations

Branches:
Dungeon (5/15)             Temple (1/1) D:4

Altars:
Ashenzari
Dithmenos
Elyvilon
Fedhas
Gozag
Kikubaaqudgha
Nemelex Xobeh
Okawaru
Qazlal
Uskayaw
Vehumet
Xom
Zin
The Shining One

Shops:
D:3 [


Message History

Aiming: Corrosive Bolt
Press: ? - help, Shift-Dir - straight line, f - troll
Aim: a troll (71% to hit)
The bolt of acid misses the troll.
Aiming: Corrosive Bolt
Press: ? - help, Shift-Dir - straight line, f/p - troll
Aim: a troll (71% to hit)
The bolt of acid hits the troll!
The troll is moderately wounded.
You hit the troll but do no damage.
The troll is moderately wounded.
The troll barely misses you. The troll claws you. x2
You closely miss the troll.
The troll is moderately wounded.
The troll completely misses you. The troll claws you.
The troll claws you but does no damage.
You hit the troll.
The troll is moderately wounded.
You block the troll's attack. The troll barely misses you. The troll claws you.
You closely miss the troll.
The troll is moderately wounded.
The troll closely misses you. The troll claws you.
You block the troll's attack.
You hit the troll.
The troll is moderately wounded.
You hear the slow rusting of a drain.
You block the troll's attack. x2; The troll claws you!
You are too injured to fight recklessly!
You barely miss the troll.
The troll is moderately wounded.
The troll bites you!
* * * LOW HITPOINT WARNING * * *
The troll claws you.
* * * LOW HITPOINT WARNING * * *
The troll claws you.
* * * LOW HITPOINT WARNING * * *
You hit the troll.
The troll is heavily wounded.
The troll bites you!
You die...

#....+##+...........
........
#........... ......#
##.......... .....#
#.......... .$...#
#...###.... ...##
##....###... #...
#......##.## #..#
##........## #.@#
#..........
#.T######..........
##.................
##†.#.#...........
#.................
##.##....##........
#...###############
#...# # ...####+T###
♣♣#


You could see a troll.

Vanquished Creatures
  A necrophage (D:4)
  3 hounds
  A jelly (D:5)
  An iguana (D:3)
  5 adders
  A dart slug (D:3)
  4 orcs
  7 ball pythons
  A bat (D:2)
  6 endoplasms
  3 giant cockroaches
  8 goblins
  4 hobgoblins
  7 jackals
  10 kobolds
  6 quokkas
  6 frilled lizards
  6 rats
80 creatures vanquished.

Notes
Turn   | Place    | Note
-------+----------+-------------------------------------------
     0 | D:1      | MacCMillion the Hill Orc Fighter began the quest for the
                  | Orb.
     0 | D:1      | Reached XP level 1. HP: 19/19 MP: 1/1
   240 | D:1      | Reached XP level 2. HP: 26/26 MP: 2/2
   349 | D:1      | Found a faded altar of an unknown god.
  1209 | D:2      | Reached XP level 3. HP: 27/31 MP: 3/3
  1381 | D:2      | You fall into a shaft and drop 2 floors!
  1386 | D:4      | Found a sparkling altar of Nemelex Xobeh.
  1389 | D:4      | Found a glowing golden altar of the Shining One.
  1389 | D:4      | Found an ancient bone altar of Kikubaaqudgha.
  1418 | D:4      | Reached skill level 1 in Polearms
  1496 | D:4      | Reached XP level 4. HP: 39/39 MP: 4/4
  1512 | D:4      | Noticed a necrophage
  1517 | D:4      | Reached skill level 2 in Polearms
  1693 | D:3      | Reached skill level 3 in Polearms
  1753 | D:2      | Reached XP level 5. HP: 44/45 MP: 5/5
  2083 | D:3      | Found Kees's Armour Shoppe.
  2277 | D:3      | Reached skill level 4 in Polearms
  2685 | D:4      | Reached XP level 6. HP: 41/51 MP: 6/6
  2691 | D:4      | Reached skill level 5 in Polearms
  2908 | D:4      | Found a shimmering altar of Xom.
  2991 | D:4      | Found a staircase to the Ecumenical Temple.
  3152 | Temple   | Entered the Ecumenical Temple
  3344 | D:5      | Entered Level 5 of the Dungeon
  3446 | D:5      | Found a blossoming altar of Fedhas.
  3476 | D:5      | Noticed a troll
  3496 | D:5      | Slain by a troll

Illustrated notes

Levels and vault maps discovered:
D:1:      wander_arrival_lonely_grave, layout_loops_corners,
          chequers_ecumenical_altar_grove
D:2:      layout_rooms
D:3:      layout_rooms, serial_shops, shop, grunt_ministairs_15
D:4:      layout_rooms, xom_teletrap_fun, grunt_temple_overflow_open,
          minmay_temple_entry_wispy
D:5:      layout_cave_pools, fedhas_altar_4, mainiacjoe_overflow_divided_tiny,
          gup_sewer_entry_bowl
Temple:   chequers_temple_sunken

Skill      XL: |  1  2  3  4  5  6 |
---------------+-------------------+-----
Axes           | 3 4 |  4.4
Shields        | 4 |  4.0
Polearms       | 1 3 4 5 |  5.8
Fighting       | |  3.6
Armour         | |  3.2

Action                   |  1- 3 |  4- 6 || total
-------------------------+-------+-------++-------
Melee: Hand axe          |    94 |       ||    94
       War axe           |     2 |       ||     2
       Demon trident     |     5 |   129 ||   134
Evoke: Wand              |       |     2 ||     2
  Use: Scroll            |       |     2 ||     2
Armor: Scale mail        |     7 |       ||     7
       Plate armour      |    45 |    62 ||   107
Dodge: Dodged            |    27 |    15 ||    42
Block: Buckler           |    13 |    16 ||    29
